 Dungeon Crawl Stone Soup version 0.31-a0-198-g2ad674f65e (webtiles) character file.

Game seed: 2623100189041530722

94 qw the Shooter (level 4, 0/25 HPs)
             Began as a Deep Elf Hunter on June 25, 2023.
             Was an Initiate of Okawaru.
             Slain by an orc
             ... wielding a +1 war axe of flaming
              (1 damage)
             ... on level 3 of the Dungeon.
             The game lasted 00:00:40 (1773 turns).

qw the Shooter (Deep Elf Hunter)                    Turns: 1773, Time: 00:00:41

Health: 0/25       AC:  8    Str: 10    XL:     4   Next: 38%
Magic:  6/6        EV:  9    Int: 14    God:    Okawaru [......]
Gold:   136        SH:  0    Dex: 18    Spells: 3/3 levels left

rFire   . . .        Y - +2 shortbow
rCold   . . .        (shield currently unavailable)
rNeg    . . .        h - +0 scale mail
rPois   .            (no helmet)
rElec   .            j - +1 cloak
rCorr   .            (no gloves)
SInv    .            (no boots)
Will    .....        (no amulet)
Stlth   +            (no ring)
HPRegen 0.24/turn    (no ring)
MPRegen 0.10/turn

%: no passive effects
@: no status effects
A: no striking features
a: Renounce Religion


You were on level 3 of the Dungeon.
You worshipped Okawaru.
Okawaru was noncommittal.
You visited 1 branch of the dungeon, and saw 3 of its levels.

You collected 136 gold pieces.


   Skills:
 - Level 1.5 Fighting
 + Level 7.8 Ranged Weapons
 - Level 2.4 Dodging
 - Level 1.2 Stealth


You had 3 spell levels left.
You didn't know any spells.
Your spell library was empty.

Inventory:

Hand Weapons
 Y - a +2 shortbow (weapon)
Armour
 h - a +0 scale mail (worn)
 j - a +1 cloak (worn)
Jewellery
 c - a ring of ice
Scrolls
 e - a scroll of identify
Potions
 a - a potion of resistance {unknown}
 b - a potion of haste {unknown}
 d - a potion of invisibility {unknown}
 f - a potion of enlightenment {unknown}

Dungeon Overview and Level Annotations

Branches:
Dungeon (3/15)

Altars:
Okawaru


Message History

The ice beast barely misses you.
You shoot an arrow. The arrow barely misses the ice beast.
The arrow hits the orc!
You kill the orc!
Okawaru accepts your kill. The ice beast closely misses you.
You shoot an arrow. The arrow hits the ice beast!
The ice beast is severely wounded.
An endoplasm comes into view.
The ice beast hits you but does no damage.
You shoot an arrow. The arrow hits the ice beast.
The ice beast is almost dead.
The orc wizard barely misses you. The ice beast misses you.
The ice beast closely misses you.
The orc wizard points at you and mumbles some strange words.
You are confused.
The ice beast barely misses you. The orc wizard closely misses you.
The orc hits you but does no damage. The ice beast closely misses you.
The orc hits you with a +0 whip. The orc closely misses you.
The ice beast closely misses you.
The orc hits you with a +1 war axe of flaming.
The orc burns you. The ice beast closely misses you.
The orc hits you with a +1 war axe of flaming.
The orc burns you.
The ice beast hits you but does no damage.
The orc barely misses you. The orc wizard barely misses you.
The ice beast closely misses you.
You feel less confused. The orc wizard casts a spell at you.
The magic dart hits you but does no damage.
The orc barely misses you. The ice beast hits you. The ice beast freezes you.
You shoot an arrow. The arrow closely misses the ice beast.
The arrow hits the orc.
The orc is moderately wounded.
The ice beast barely misses you.
The orc wizard gestures at you while chanting.
You resist with some effort.
The orc hits you with a +1 war axe of flaming!
The orc burns you.
You die...

#......# #......#
#..)...# #......#
#.)....# #.o....# .
#oYoJ..# .. ##
###@#####... .#
#........... .####
#.##........ ....#
#.#####.##........
###.#
#.................
#.##########.##........
#..>###### #.##........
#........# #.##........
#.##...#.# #.##........


You could see an ice beast, an orc wizard, 2 orcs and an endoplasm.

Vanquished Creatures
  3 adders
  3 orcs (D:3)
  4 bats
  8 endoplasms
  4 giant cockroaches
  6 hobgoblins
  6 jackals
  3 quokkas
  3 ball pythons
  4 frilled lizards (D:1)
  3 goblins
  5 kobolds
  6 rats
58 creatures vanquished.

Notes
Turn   | Place    | Note
-------+----------+-------------------------------------------
     0 | D:1      | qw the Deep Elf Hunter began the quest for the Orb.
     0 | D:1      | Reached XP level 1. HP: 12/12 MP: 3/3
     0 | D:1      | 0 ||| qw: Version: 0.3-a-22-g0ed2b0b
     0 | D:1      | 0 ||| qw: Game counter: 5137
     0 | D:1      | 0 ||| qw: Melee chars always use a shield: true
     0 | D:1      | 0 ||| qw: God list: Okawaru
     0 | D:1      | 0 ||| qw: Allow faded altars: false
     0 | D:1      | 0 ||| qw: Do Orc after clearing Dungeon:15 true
     0 | D:1      | 0 ||| qw: Do second Lair branch before Depths: true
     0 | D:1      | 0 ||| qw: Lair rune preference: random
     0 | D:1      | 0 ||| qw: Goals: Normal
     0 | D:1      | 0 ||| PLANNING D:1-11
    98 | D:1      | Reached skill level 6 in Ranged Weapons
    98 | D:1      | Reached XP level 2. HP: 16/16 MP: 4/4
   534 | D:1      | 534 ||| READING scroll labelled VUSKOFF LITZYR.
   535 | D:1      | 535 ||| DROPPING scroll of butterflies.
   549 | D:2      | Found an iron altar of Okawaru.
   550 | D:2      | 550 ||| PLANNING OKAWARU WORSHIP
   556 | D:2      | Became a worshipper of Warmaster Okawaru
   557 | D:2      | 557 ||| PLANNING D:1-11
   716 | D:2      | Reached XP level 3. HP: 20/20 MP: 5/5
   850 | D:2      | Reached skill level 7 in Ranged Weapons
   989 | D:2      | 989 ||| READING scroll of enchant weapon.
   989 | D:2      | 989 ||| ENCHANTING +1 shortbow.
  1101 | D:2      | You fall into a shaft and drop 1 floor!
  1220 | D:3      | Reached XP level 4. HP: 25/25 MP: 6/6
  1319 | D:3      | 1319 ||| UPGRADING to +0 scale mail.
  1329 | D:3      | 1329 ||| DROPPING +0 leather armour.
  1330 | D:3      | 1330 ||| UPGRADING to +1 cloak.
  1335 | D:3      | 1335 ||| READING 2 scrolls labelled REPTARI JEBOU.
  1336 | D:3      | 1336 ||| READING scroll labelled LAODO FAKH.
  1337 | D:3      | 1337 ||| READING scroll labelled ERYSET XATOADGH.
  1572 | D:2      | 1572 ||| READING scroll labelled AGYEM PIRATOL.
  1757 | D:3      | Noticed an ice beast
  1773 | D:3      | HP: 1/25 [orc/+1 war axe of flaming (7)]
  1773 | D:3      | Slain by an orc

Levels and vault maps discovered:
D:1:      heliophobic_arrival_dark_side_of_the_moon, layout_basic,
          nicolae_concentric_dashed_squares_wild, minmay_small_reverse_x
D:2:      layout_basic, basic_altar, ebering_dispersal_statue_hall,
          roderic_serpentine_path
D:3:      layout_basic

Skill      XL: |  1  2  3 |
---------------+----------+-----
Ranged Weapons | 6 7 |  7.8
Fighting       | |  1.5
Dodging        | |  2.4
Stealth        | |  1.2

Action                     |  1- 3 |  4- 6 || total
---------------------------+-------+-------++-------
   Fire: Shortbow          |   111 |    43 ||   154
    Use: Scroll            |     2 |     4 ||     6
 Armour: Leather armour    |    13 |       ||    13
         Scale mail        |       |    10 ||    10
  Dodge: Dodged            |    31 |    28 ||    59

Table legend:
 A = Non-vault XP
 B = Vault XP
 C = Vault XP percentage of total XP
 D = Non-vault monster count
 E = Vault monster count
 F = Vault count percentage of total count
                 A         B        C        D         E       F
            +---------+---------+-------+---------+---------+-------
      Total |     128 |       7 |   5.2 |      54 |       4 |   6.9
            +---------+---------+-------+---------+---------+-------
        D:1 |      29 |       7 |  19.4 |      20 |       4 |  16.7
        D:2 |      51 |       0 |   0.0 |      21 |       0 |   0.0
        D:3 |      48 |       0 |   0.0 |      13 |       0 |   0.0
            +---------+---------+-------+---------+---------+-------
